Map: Kairos Junction LE

Players

SoloXman

  • Race: Zerg Zerg
  • League: Gold
  • Spawn Location: 11:00

Swiecki - Winner!

  • Race: Terran Terran
  • League: Silver
  • Spawn Location: 5:00

VOD

Have the link to the VOD?

Description

Time

  • Played on: Jan. 31, 2019, midnight
  • Length: 17:52
Show
View Real Time Build Order
Export as new Build Order

SoloXman Zerg 

Build Orders: Pool First, Roach Hydra 

Get SALT Encoding   

  12  0:01  Drone  
  13  0:08  Drone  
  14  0:17  Overlord  
  14  0:35  Spawning Pool  
  14  0:39  Drone  
  14  0:41  Drone  
  15  0:47  Drone  
  16  0:52  Drone  
  17  0:59  Extractor  
  16  1:10  Drone  
  17  1:13  Drone  
  18  1:24  Queen  
  20  1:26  Overlord  
  20  1:40  Roach Warren, Drone  
  20  1:46  Zergling x2  
  21  1:58  Zergling x2  
  22  2:35  Drone x6  
  28  2:37  Hatchery  
  26  3:01  Roach  
  26  3:02  Roach  
  26  3:05  Extractor  
  29  3:19  Overlord x2  
  29  3:28  Hatchery  
  29  3:33  Lair  
  28  3:39  Roach x3  
  34  3:50  Queen  
  36  3:57  Overlord  
  36  4:12  Spore Crawler  
  36  4:14  Drone x3  
  38  4:21  Drone x2  
  40  4:26  Pneumatized Carapace  
  40  4:27  Drone  
  41  4:32  Spore Crawler  
  40  4:44  Roach x3  
  46  4:50  Glial Reconstitution  
  46  5:15  Drone x5  
  46  5:17  Queen  
  53  5:23  Queen  
  53  5:25  Drone x2  
  57  5:35  Drone  
  58  5:37  Overlord  
  58  5:38  Overlord  
  58  5:50  Overlord  
  58  5:51  Overlord  
  58  5:59  Hydralisk Den  
  57  6:07  Spore Crawler  
  56  6:11  Spore Crawler  
  55  6:20  Spore Crawler  
  55  6:25  Spore Crawler  
  53  6:30  Hydralisk x3  
  53  6:31  Hydralisk x3  
  53  6:32  Hydralisk  
  65  6:37  Muscular Augments  
  67  6:58  Drone x5  
  72  7:01  Drone x2  
  72  7:02  Drone x4  
  78  7:12  Drone x5  
  78  7:13  Drone  
  84  7:23  Roach x3  
  84  7:25  Overlord  
  84  7:28  Overlord  
  90  7:34  Metabolic Boost  
  90  7:42  Extractor  
  89  7:46  Extractor  
  89  7:48  Grooved Spines  
  89  7:49  Roach x4  
  89  7:50  Roach x3  
  102  8:18  Hydralisk x2  
  106  8:21  Overlord x3  
  106  8:22  Overlord x2  
  106  8:42  Evolution Chamber  
  106  8:45  Hydralisk x2, Evolution Chamber  
  106  8:46  Hydralisk x5  
  106  8:47  Hydralisk  
  120  9:09  Zerg Missile Weapons Level 1  
  120  9:12  Zerg Ground Armor Level 1  
  120  9:14  Zergling x12  
  120  9:15  Zergling x12  
  120  9:16  Zergling x4  
  134  9:19  Overseer  
  134  9:54  Hydralisk  
  134  9:55  Hydralisk x5  
  134  9:57  Overlord  
  134  9:58  Overlord x3  
  131  10:22  Hydralisk x2  
  131  10:23  Hydralisk x5  
  145  10:33  Drone x5  
  150  10:36  Overseer  
  150  10:54  Roach  
  150  10:55  Roach x5  
  162  11:00  Drone x3  
  162  11:01  Drone  
  166  11:07  Extractor  
  139  11:39  Zergling x10  
  146  11:40  Hydralisk x3, Zergling x4  
  146  11:41  Hydralisk  
  138  11:56  Hydralisk  
  138  11:57  Hydralisk x6  
  138  11:58  Hydralisk x2  
  118  13:03  Roach  
  118  13:04  Roach x4  
  128  13:29  Hatchery  
  128  13:30  Spawning Pool  
  126  13:40  Roach x3  
  126  13:41  Roach x3  
  137  13:59  Hatchery  
  54  14:30  Zergling x6  
  54  14:31  Zergling x10  
  58  14:32  Zergling x6  
  63  14:51  Hydralisk  
  63  14:52  Hydralisk x4  
  69  15:04  Queen  
  65  15:19  Lurker Den  
  60  15:25  Hatchery  
  48  15:39  Hydralisk x4  
  48  15:40  Hydralisk x4  
  48  15:41  Hydralisk x2  
  53  16:25  Hatchery  
  52  16:31  Drone  
  52  16:32  Drone x2  
  55  16:50  Queen  
  57  17:02  Drone x2  
  57  17:03  Drone x3  
  57  17:06  Roach Warren  
Show
View Real Time Build Order
Export as new Build Order

Swiecki Terran - Winner!

Build Orders: Reaper Expand 

Get SALT Encoding   

  12  0:00  SCV  
  13  0:13  SCV  
  14  0:22  Supply Depot  
  14  0:25  SCV  
  15  0:43  SCV  
  15  0:45  Barracks  
  15  0:49  Refinery  
  16  0:55  SCV  
  17  1:08  SCV  
  18  1:20  SCV  
  19  1:35  Reaper  
  19  1:38  Orbital Command  
  20  1:46  Command Center  
  20  2:07  Marine  
  21  2:16  Factory  
  21  2:24  Refinery  
  21  2:25  SCV  
  22  2:30  Barracks Reactor  
  22  2:37  SCV  
  22  3:02  Orbital Command  
  22  3:03  SCV  
  23  3:09  Factory Tech Lab  
  23  3:14  Marine  
  23  3:15  Marine  
  23  3:16  SCV  
  23  3:19  Bunker  
  26  3:28  SCV, Starport  
  26  3:32  Marine  
  28  3:40  SCV  
  29  3:42  SCV  
  30  3:52  SCV  
  30  3:53  Refinery  
  30  3:54  SCV  
  32  3:55  Marine x2  
  32  3:59  Cyclone  
  37  4:04  SCV  
  37  4:09  Supply Depot  
  38  4:17  Starport Tech Lab  
  38  4:23  Supply Depot  
  40  4:31  SCV x2, Cyclone  
  43  4:45  SCV x2  
  45  4:47  Refinery  
  45  4:51  Banshee  
  48  4:53  Cloaking Field  
  48  5:04  Starport  
  47  5:19  SCV x2  
  49  5:27  Marine x2  
  51  5:31  SCV x2  
  51  5:33  Fusion Core  
  53  5:40  Supply Depot  
  53  5:41  Banshee  
  56  5:43  SCV  
  56  5:44  Supply Depot  
  56  5:45  Marine x2  
  56  5:46  Starport Tech Lab  
  59  5:51  Siege Tank  
  62  6:03  Marine x2  
  64  6:08  SCV x2  
  66  6:20  SCV x2  
  66  6:21  Battlecruiser, Marine x2  
  76  6:32  SCV  
  77  6:33  Supply Depot  
  77  6:55  Siege Tank  
  77  7:00  Supply Depot  
  80  7:01  SCV  
  80  7:02  SCV  
  76  7:12  Battlecruiser  
  82  7:23  Supply Depot  
  82  7:28  Armory  
  82  7:35  SCV  
  82  7:36  SCV  
  84  7:40  Marine x2  
  86  7:46  Command Center, Supply Depot  
  86  7:47  Battlecruiser  
  86  7:48  SCV x2  
  96  7:54  Cyclone  
  96  7:57  Marine  
  96  7:58  Marine  
  99  8:09  Supply Depot  
  99  8:15  Marine x2  
  99  8:17  Battlecruiser  
  107  8:26  Cyclone  
  110  8:34  Marine x2  
  112  8:44  Supply Depot  
  112  8:51  Battlecruiser  
  112  8:54  Engineering Bay  
  118  9:01  Armory, Terran Ship Weapons Level 1  
  118  9:06  Supply Depot  
  118  9:14  SCV  
  118  9:15  Refinery  
  119  9:18  SCV x2  
  121  9:26  SCV  
  121  9:27  Battlecruiser  
  121  9:29  Supply Depot, Marine x2  
  121  9:30  SCV  
  131  9:45  Refinery  
  131  9:46  Marine  
  131  9:47  SCV x3  
  127  10:26  SCV  
  127  10:27  SCV x2  
  130  10:29  Marine x2  
  132  10:39  SCV x2  
  134  10:43  Refinery  
  134  10:47  Marine x2  
  136  10:51  Thor  
  136  10:53  Battlecruiser x2  
  154  11:02  Weapon Refit  
  154  11:05  Terran Vehicle And Ship Armor Level 1  
  154  11:21  Missile Turret  
  152  11:56  Supply Depot  
  152  12:02  Marine x2  
  152  12:03  SCV x2  
  156  12:17  Battlecruiser  
  156  12:19  Battlecruiser, Supply Depot  
  156  12:20  Marine  
  163  12:42  Supply Depot  
  133  13:20  Command Center  
  133  13:22  Battlecruiser  
  133  13:23  Battlecruiser  
  145  13:32  Marine x2  
  147  13:44  Supply Depot  
  147  13:50  Marine x2  
  141  14:06  Supply Depot  
  141  14:07  Marine  
  141  14:08  Marine  
  95  14:25  Marine  
  95  14:26  Battlecruiser  
  95  14:27  Battlecruiser  
  95  14:28  Command Center  
  95  14:29  Supply Depot  
  104  15:25  Marine x2  
  104  15:30  Battlecruiser  
  104  15:31  Battlecruiser  
  110  15:43  Marine x2  
  105  16:01  Marine x2  
  107  16:18  Marine x2  
  109  16:52  Command Center  
  109  17:02  Command Center  
Tags
 
Add a new tag
Caveats
  • Supply blocks, unpowered buildings, or Contaminate may cause inaccurate times.
  • Supply counts are checked every 10 seconds.